Map: Darkness Sanctuary LE

Players

Sheryl

  • Race: Protoss Protoss
  • League: Master
  • Spawn Location: 7:00

Deruziel - Winner!

  • Race: Terran Terran
  • League: Master
  • Spawn Location: 1:00

VOD

Have the link to the VOD?

Description

Time

  • Played on: May 29, 2018, 6:03 a.m.
  • Length: 15:27
Show
View Real Time Build Order
Export as new Build Order

Sheryl Protoss 

Build Orders: Colossus Rush 

Get SALT Encoding   

  12  0:10  Pylon  
  12  0:13  Probe  
  14  0:30  Gateway  
  14  0:33  Probe  
  14  0:39  Assimilator  
  14  0:45  Probe  
  15  0:55  Probe  
  15  1:03  Probe  
  16  1:07  Assimilator  
  17  1:12  Probe  
  17  1:17  Cybernetics Core  
  18  1:24  Probe  
  19  1:34  Warp Gate  
  19  1:40  Probe  
  20  1:52  Probe  
  21  2:10  Nexus  
  21  2:13  Pylon  
  21  2:14  Probe  
  22  2:33  Probe  
  22  2:35  Stalker  
  24  2:40  Robotics Facility  
  24  2:45  Probe  
  25  2:57  Probe  
  26  3:05  Sentry  
  28  3:06  Shield Battery  
  28  3:09  Probe  
  28  3:11  Pylon  
  29  3:20  Observer  
  29  3:21  Probe  
  29  3:23  Probe  
  31  3:31  Gateway  
  31  3:33  Gateway  
  32  3:47  Immortal  
  36  3:50  Probe  
  36  3:53  Sentry  
  39  3:57  Probe  
  39  4:00  Probe  
  41  4:04  Pylon  
  41  4:08  Probe  
  41  4:09  Probe  
  42  4:16  Probe  
  43  4:21  Probe  
  43  4:22  Robotics Bay  
  45  4:28  Probe  
  46  4:32  Assimilator  
  46  4:33  Probe  
  46  4:35  Assimilator  
  46  4:38  Sentry  
  49  4:40  Probe  
  49  4:45  Probe  
  51  4:51  Pylon  
  51  4:58  Stargate  
  51  5:00  Probe  
  51  5:02  Probe  
  53  5:07  Pylon  
  53  5:12  Probe  
  53  5:17  Observer x2  
  53  5:18  Probe  
  52  5:24  Probe, Extended Thermal Lance  
  54  5:30  Probe  
  54  5:34  Forge  
  55  5:37  Probe  
  55  5:38  Pylon  
  55  5:41  Colossus  
  57  5:42  Probe  
  57  5:49  Probe  
  58  5:54  Probe  
  58  5:56  Gateway  
  65  6:01  Probe  
  66  6:07  Probe  
  66  6:09  Stalker  
  66  6:10  Stalker  
  71  6:13  Probe  
  71  6:15  Protoss Ground Weapons Level 1  
  72  6:19  Probe  
  73  6:32  Photon Cannon  
  73  6:36  Pylon  
  73  6:42  Colossus  
  73  6:46  Nexus  
  73  6:49  Photon Cannon  
  79  6:58  Fleet Beacon  
  79  7:01  Pylon  
  79  7:19  Probe x2  
  79  7:21  Pylon  
  81  7:23  Assimilator  
  81  7:27  Stalker  
  81  7:28  Stalker x3, Assimilator  
  89  7:34  Probe x2  
  89  7:36  Tempest  
  91  7:37  Pylon  
  91  7:46  Probe  
  96  8:19  Zealot x2  
  96  8:20  Zealot x2  
  96  8:22  Colossus  
  96  8:23  Tempest, Twilight Council  
  112  8:49  Charge  
  112  8:50  Shield Battery  
  112  8:53  Shield Battery, Photon Cannon  
  112  8:54  Probe  
  113  9:03  Stargate  
  113  9:06  Probe  
  113  9:07  Stalker x3, Tempest  
  113  9:08  Immortal  
  120  9:13  Zealot  
  128  9:18  Probe  
  133  9:27  Pylon  
  133  9:29  Robotics Facility  
  129  9:32  Zealot  
  129  9:33  Zealot  
  129  9:36  Observer  
  128  9:43  Probe  
  127  9:45  Probe x2  
  127  9:51  Pylon, Probe  
  130  9:57  Probe  
  130  9:58  Carrier, Probe  
  133  10:13  Photon Cannon  
  139  10:25  Probe x2  
  139  10:26  Probe  
  139  10:27  Photon Cannon x2  
  142  10:33  Stalker x3  
  143  10:37  Probe  
  143  10:40  Carrier  
  141  10:44  Probe  
  139  10:50  Probe x2  
  139  10:52  Probe  
  139  10:53  Shield Battery  
  142  11:02  Probe  
  149  11:16  Templar Archives  
  149  11:34  Pylon  
  149  11:39  Probe x2  
  149  11:41  Carrier  
  149  11:45  Protoss Air Weapons Level 1  
  149  11:51  Pylon, Warp Prism  
  157  11:55  Pylon  
  157  12:05  Stargate  
  157  12:08  Protoss Shields Level 1, Nexus  
  157  12:09  Probe x2  
  157  12:10  Stargate  
  157  12:20  Tempest  
  125  12:44  Tempest x2  
  131  13:00  Pylon  
  131  13:02  Pylon  
  131  13:04  Assimilator, Dark Shrine  
  131  13:09  Assimilator  
  123  13:24  Tempest x2  
  125  13:30  Tempest, High Templar x4  
  133  13:34  Archon x2  
  133  13:40  Tempest  
  111  14:16  Tempest x3  
  111  14:17  Tempest  
  123  14:31  Dark Templar x2  
  123  14:35  Dark Templar  
Show
View Real Time Build Order
Export as new Build Order

Deruziel Terran - Winner!

Build Orders: Command Center First (CC), Mech 

Get SALT Encoding   

  12  0:00  SCV  
  13  0:13  SCV  
  14  0:17  Supply Depot  
  14  0:25  SCV  
  15  0:39  SCV  
  16  0:51  SCV  
  17  1:02  Command Center  
  17  1:05  SCV  
  18  1:14  Barracks  
  18  1:18  SCV  
  19  1:29  Refinery  
  19  1:32  Refinery, SCV  
  20  1:45  SCV  
  21  2:01  Orbital Command  
  21  2:06  Marine  
  22  2:14  Factory  
  22  2:19  Orbital Command  
  22  2:24  Barracks Reactor  
  22  2:33  SCV  
  23  2:41  Bunker  
  23  2:44  SCV  
  23  2:45  SCV  
  25  2:56  SCV  
  26  2:59  Starport  
  26  3:00  Widow Mine, Marine x2  
  26  3:02  SCV  
  31  3:08  SCV  
  32  3:15  SCV  
  32  3:18  Marine x2  
  35  3:21  Hellion, SCV  
  38  3:27  Supply Depot  
  38  3:37  Supply Depot  
  38  3:49  Medivac, Marine x2, SCV x2, Widow Mine  
  46  3:55  Supply Depot  
  46  4:01  SCV x2  
  48  4:07  Marine x2  
  50  4:10  Supply Depot  
  50  4:11  Widow Mine  
  50  4:13  SCV  
  53  4:20  Starport Tech Lab  
  53  4:24  Marine x2  
  53  4:25  SCV x2  
  53  4:30  Command Center  
  57  4:39  SCV x2  
  59  4:46  Raven  
  59  4:48  Factory  
  59  4:49  Factory  
  59  4:51  SCV  
  59  4:52  SCV  
  63  4:54  Refinery  
  63  4:55  Refinery  
  63  4:58  Barracks Tech Lab  
  63  5:03  SCV  
  63  5:04  SCV  
  62  5:19  SCV x2  
  60  5:27  Armory  
  60  5:28  Armory  
  60  5:31  SCV x2  
  62  5:39  Hellion x2  
  62  5:42  Barracks Reactor  
  67  5:43  Orbital Command  
  67  5:44  Siege Tank  
  67  5:49  SCV x2  
  71  5:54  Siege Tank  
  74  6:00  Supply Depot  
  74  6:01  SCV x2  
  74  6:02  Hellion x2, Supply Depot  
  74  6:03  Factory  
  78  6:14  SCV x2  
  80  6:19  Terran Vehicle Weapons Level 1, Terran Vehicle And Ship Armor Level 1  
  80  6:22  Orbital Command  
  78  6:26  Siege Tank  
  78  6:27  Engineering Bay  
  78  6:28  Hellion x2  
  85  6:36  Refinery  
  85  6:38  Supply Depot  
  85  6:39  SCV  
  86  6:42  SCV  
  86  6:44  Supply Depot  
  86  6:46  Supply Depot  
  87  6:47  Supply Depot  
  87  6:51  SCV  
  87  6:52  Siege Tank  
  91  6:57  Starport Reactor  
  91  6:59  Refinery  
  91  7:05  SCV, Missile Turret  
  91  7:06  Missile Turret  
  92  7:10  Sensor Tower  
  92  7:17  Siege Tank  
  95  7:25  Siege Tank  
  95  7:26  Hellion x2, Barracks Tech Lab  
  95  7:27  SCV  
  95  7:29  Supply Depot  
  103  7:30  Supply Depot x2, Factory  
  103  7:31  SCV x2  
  105  7:39  SCV  
  105  7:42  Hellion  
  108  7:45  Viking x2  
  108  7:49  Siege Tank  
  114  7:52  Command Center  
  114  7:54  Hellion  
  114  7:57  Siege Tank  
  119  8:03  Liberator  
  112  8:21  Siege Tank  
  112  8:22  SCV  
  112  8:23  SCV  
  112  8:24  SCV  
  121  8:29  Siege Tank  
  124  8:34  SCV  
  124  8:35  SCV  
  124  8:36  SCV  
  124  8:40  Terran Vehicle Weapons Level 2  
  127  8:42  Hellion x3  
  127  8:43  Refinery  
  127  8:44  Hellion x4  
  127  8:45  Sensor Tower  
  127  8:47  SCV  
  134  8:49  Refinery  
  134  8:52  SCV  
  134  8:55  Siege Tank x2  
  141  8:56  Hellion  
  141  9:01  Hellion  
  145  9:08  Terran Vehicle And Ship Armor Level 2  
  149  9:10  Hellion x3  
  149  9:14  Supply Depot  
  149  9:15  Supply Depot  
  151  9:22  Hellion, Siege Tank  
  156  9:27  Hellion  
  154  9:39  Viking x2  
  154  9:45  Starport  
  148  9:47  Starport  
  148  9:48  Planetary Fortress  
  148  9:51  Missile Turret  
  148  9:52  Missile Turret x2  
  148  9:53  Barracks Tech Lab  
  148  9:54  Missile Turret  
  148  9:55  Missile Turret  
  146  10:11  Viking x2  
  146  10:13  Widow Mine x5  
  158  10:19  Thor  
  158  10:20  Thor  
  170  10:21  SCV  
  170  10:25  Missile Turret x2  
  171  10:28  Orbital Command  
  171  10:31  Viking  
  171  10:32  Viking  
  171  10:34  Thor  
  176  10:53  Missile Turret  
  176  10:54  SCV  
  176  10:55  Missile Turret x2  
  176  10:56  Viking x2  
  181  11:07  Viking x2  
  181  11:10  Terran Ship Weapons Level 1  
  183  11:15  Fusion Core  
  183  11:17  Starport  
  183  11:22  Sensor Tower  
  179  11:47  Sensor Tower  
  179  11:49  Command Center, Viking x3  
  179  11:52  Terran Vehicle And Ship Armor Level 3  
  179  11:54  Supply Depot  
  185  11:55  Supply Depot  
  185  11:56  Viking  
  185  11:57  Starport Tech Lab  
  179  12:24  Viking x2  
  179  12:25  Viking  
  183  12:41  Viking x2  
  169  12:54  Thor, Viking x2  
  169  12:55  Viking  
  181  13:09  SCV  
  181  13:11  Viking x2  
  186  13:15  Thor x2  
  186  13:16  Thor  
  182  13:24  Viking x2  
  182  13:25  Viking  
  183  13:30  Thor  
  189  13:41  Viking  
  185  14:00  Viking x2  
  185  14:01  Viking  
  182  14:19  Viking x2  
  184  14:31  Missile Turret  
  184  14:32  Missile Turret, Viking  
  184  14:34  Missile Turret  
  184  14:35  Viking x2  
  187  14:49  Viking  
Tags
 
Add a new tag
Caveats
  • Supply blocks, unpowered buildings, or Contaminate may cause inaccurate times.
  • Supply counts are checked every 10 seconds.